APL (24 & UNDER)
SCOTTSDALE SCORPIONS @ DUNEDIN BLUE JAYS
10/01/2025
 
TOP OF THE 1ST
Scottsdale Scorpions batting - Pitching for Dunedin Blue Jays : RHP Firmino Orsi
Pitching: RHP Firmino Orsi
Batting: SHB William Daly 0-0: Called Strike
0-1: Ball
1-1: Ball
2-1: Ball
3-1: Called Strike
3-2: Foul Ball, location: 2F
3-2: Base on Balls
Batting: RHB David Suarze 0-0: Ball
1-0: Ground out 4-3 (Groundball, 34D)
William Daly to second
Batting: RHB Jared Thompson 0-0: Called Strike
0-1: Ball
1-1: Ground out 1-3 (Groundball, 15)
Batting: LHB Claudio Rodríguez 0-0: Foul Ball, location: 2F
0-1: Ball
1-1: Ball
2-1: Ball
3-1: Base on Balls
Batting: RHB Geomar Dalsoglio 0-0: Called Strike
0-1: Swinging Strike
0-2: SINGLE (Flyball, 89M)
William Daly to third
Claudio Rodríguez to second
Runner from 3rd tries for Home, SAFE, no throw or cutoff
Batting: RHB Ricardo Gutiérrez 0-0: Called Strike
0-1: Foul Ball, location: 2F
0-2: Fly out, F9 (Flyball, 9M)
Top of the 1st over - 1 run(s), 1 hit(s), 0 error(s), 2 left on base; Scottsdale 1 - Dunedin 0
BOTTOM OF THE 1ST
Dunedin Blue Jays batting - Pitching for Scottsdale Scorpions : RHP Albert Sánchez
Pitching: RHP Albert Sánchez
Batting: RHB António Aguilar 0-0: Foul Ball, location: 2F
0-1: Foul Ball, location: 2F
0-2: Ball
1-2: Ball
2-2: Strikes out swinging
Batting: RHB Harry Miller 0-0: Ball
1-0: SINGLE (Line Drive, 6M)
Batting: RHB Ernesto Gonzáles 0-0: Swinging Strike
0-1: Ball
1-1: Ball
2-1: Swinging Strike
2-2: Ball
3-2: Ground out 4-3 (Groundball, 4M)
Harry Miller to second
Batting: RHB Keith Ivey 0-0: Ground out 6-3 (Groundball, 6)
Bottom of the 1st over - 0 run(s), 1 hit(s), 0 error(s), 1 left on base; Scottsdale 1 - Dunedin 0
TOP OF THE 2ND
Scottsdale Scorpions batting - Pitching for Dunedin Blue Jays : RHP Firmino Orsi
Batting: RHB Edgardo Gonzáles 0-0: Called Strike
0-1: Foul Ball, location: 2F
0-2: Ball
1-2: Ball
2-2: Ground out 4-3 (Groundball, 4)
Batting: LHB Ernesto Hernández 0-0: Called Strike
0-1: Ball
1-1: Swinging Strike
1-2: Ball
2-2: Strikes out swinging
Batting: RHB Cristián Román 0-0: Swinging Strike
0-1: Ball
1-1: Called Strike
1-2: DOUBLE (Line Drive, 3L)
Batting: SHB William Daly 0-0: Ball
1-0: Ball
2-0: Ball
3-0: Base on Balls
Batting: RHB David Suarze 0-0: Ball
1-0: Called Strike
1-1: Ball
2-1: Called Strike
2-2: Ball
3-2: Foul Ball, location: 2F
3-2: Base on Balls
Cristián Román to third
William Daly to second
Batting: RHB Jared Thompson 0-0: Foul Ball, location: 2F
0-1: DOUBLE (Flyball, 78D)
Cristián Román scores
William Daly scores
David Suarze to third
Runner from 3rd tries for Home, SAFE, no throw or cutoff
Batting: LHB Claudio Rodríguez 0-0: Ball
1-0: Swinging Strike
1-1: Ball
2-1: Foul Ball, location: 2F
2-2: Foul Ball, location: 2F
2-2: Foul Ball, location: 2F
2-2: Ball
3-2: Foul Ball, location: 2F
3-2: Foul Ball, location: 2F
3-2: Base on Balls
Pitching: RHP Bill Hines
Batting: RHB Geomar Dalsoglio 0-0: Ball
1-0: Ball
2-0: Foul Ball, location: 2F
2-1: Swinging Strike
2-2: Foul Ball, location: 2F
2-2: Strikes out looking
Top of the 2nd over - 3 run(s), 2 hit(s), 0 error(s), 2 left on base; Scottsdale 4 - Dunedin 0
BOTTOM OF THE 2ND
Dunedin Blue Jays batting - Pitching for Scottsdale Scorpions : RHP Albert Sánchez
Batting: RHB Albert Alemán 0-0: Ball
1-0: Called Strike
1-1: Ball
2-1: SINGLE (Line Drive, 56D)
Batting: SHB Richard Griffin 0-0: Foul Ball, location: 2F
0-1: Fly out, F7 (Line Drive, 78S)
Batting: RHB Andrew O'Dell 0-0: Ball
1-0: Called Strike
1-1: Called Strike
1-2: Strikes out swinging
Batting: RHB Cole Boehmer 0-0: Ball
Wild Pitch!
Albert Alemán to second
1-0: Ball
2-0: Swinging Strike
2-1: Foul Ball, location: 2F
2-2: SINGLE (Line Drive, 7LM)
Albert Alemán to third
Runner from 3rd tries for Home, SAFE, throw made home
Batting: RHB David Castillo 0-0: Fly out, F7 (Flyball, 78M)
Bottom of the 2nd over - 1 run(s), 2 hit(s), 0 error(s), 1 left on base; Scottsdale 4 - Dunedin 1
TOP OF THE 3RD
Scottsdale Scorpions batting - Pitching for Dunedin Blue Jays : RHP Bill Hines
Batting: RHB Ricardo Gutiérrez 0-0: SINGLE (Groundball, 56D)
Batting: RHB Edgardo Gonzáles 0-0: Ball
1-0: Ball
2-0: Ball
3-0: Called Strike
3-1: Base on Balls
Ricardo Gutiérrez to second
Batting: LHB Ernesto Hernández 0-0: Ball
1-0: Called Strike
1-1: Ball
2-1: Ball
3-1: Called Strike
3-2: Foul Ball, location: 2F
3-2: Base on Balls
Ricardo Gutiérrez to third
Edgardo Gonzáles to second
Batting: RHB Cristián Román 0-0: Ball
1-0: Ball
2-0: Ball
3-0: Called Strike
3-1: Base on Balls
Ricardo Gutiérrez scores
Edgardo Gonzáles to third
Ernesto Hernández to second
Pitching: RHP Alberto Reyes
Batting: SHB William Daly 0-0: Ball
1-0: Called Strike
1-1: Foul Ball, location: 2F
1-2: Foul Ball, location: 2F
1-2: SINGLE (Line Drive, 6MD)
Edgardo Gonzáles scores
Ernesto Hernández to third
Cristián Román to second
Batting: RHB David Suarze 0-0: Ball
1-0: Ball
2-0: Foul Ball, location: 2F
2-1: Foul Ball, location: 2F
2-2: Foul Ball, location: 2F
2-2: Strikes out looking
Batting: RHB Jared Thompson 0-0: Ball
1-0: Ball
2-0: Ball
3-0: Base on Balls
Ernesto Hernández scores
Cristián Román to third
William Daly to second
Batting: LHB Claudio Rodríguez 0-0: Foul Ball, location: 2F
0-1: Swinging Strike
0-2: Fly out, F7 (Line Drive, 78M)
Batting: RHB Geomar Dalsoglio 0-0: Called Strike
0-1: Swinging Strike
0-2: Fly out, F8 (Flyball, 8LS)
Top of the 3rd over - 3 run(s), 2 hit(s), 0 error(s), 3 left on base; Scottsdale 7 - Dunedin 1
BOTTOM OF THE 3RD
Dunedin Blue Jays batting - Pitching for Scottsdale Scorpions : RHP Albert Sánchez
Batting: RHB António Aguilar 0-0: Swinging Strike
0-1: Ball
1-1: Swinging Strike
1-2: Foul Ball, location: 2F
1-2: Strikes out swinging
Batting: RHB Harry Miller 0-0: Swinging Strike
0-1: Swinging Strike
0-2: Foul Ball, location: 2F
0-2: Ground out 4-3 (Groundball, 4S)
Batting: RHB Ernesto Gonzáles 0-0: Ball
1-0: Swinging Strike
1-1: Called Strike
1-2: Strikes out swinging
Bottom of the 3rd over - 0 run(s), 0 hit(s), 0 error(s), 0 left on base; Scottsdale 7 - Dunedin 1
TOP OF THE 4TH
Scottsdale Scorpions batting - Pitching for Dunedin Blue Jays : RHP Alberto Reyes
Pitching: RHP John Robinson
Batting: RHB Ricardo Gutiérrez 0-0: Ball
1-0: Ball
2-0: Swinging Strike
2-1: Called Strike
2-2: SINGLE (Line Drive, 6MD)
Batting: RHB Edgardo Gonzáles 0-0: Called Strike
0-1: Ball
1-1: Foul Ball, location: 2F
1-2: Ball
2-2: Ball
Ricardo Gutiérrez steals 2nd base
3-2: Base on Balls
Batting: LHB Ernesto Hernández 0-0: Called Strike
0-1: 3-RUN HOME RUN (Flyball, 7LD) (Inside the Park)
Batting: RHB Cristián Román 0-0: Foul Ball, location: 2F
0-1: Fly out, F9 (Flyball, 9M)
Batting: SHB William Daly 0-0: Ball
1-0: Foul Ball, location: 2F
1-1: Ball
2-1: Foul Ball, location: 2F
2-2: Foul Ball, location: 2F
2-2: Foul Ball, location: 2F
2-2: Ball
3-2: Ground out 2-3 (Groundball, 2L)
Batting: RHB David Suarze 0-0: Ground out 5-3 (Groundball, 5)
Top of the 4th over - 3 run(s), 2 hit(s), 0 error(s), 0 left on base; Scottsdale 10 - Dunedin 1
BOTTOM OF THE 4TH
Dunedin Blue Jays batting - Pitching for Scottsdale Scorpions : RHP Albert Sánchez
Batting: RHB Keith Ivey 0-0: Called Strike
0-1: Ball
1-1: Ball
2-1: Fly out, F5 (Popup, 5SF)
Batting: RHB Albert Alemán 0-0: Ball
1-0: Ball
2-0: Ground out 1-3 (Groundball, 13S)
Batting: SHB Richard Griffin 0-0: Ball
1-0: SINGLE (Groundball, 34D)
Batting: RHB Andrew O'Dell 0-0: Swinging Strike
0-1: Fly out, F3 (Popup, 3DF)
Bottom of the 4th over - 0 run(s), 1 hit(s), 0 error(s), 1 left on base; Scottsdale 10 - Dunedin 1
TOP OF THE 5TH
Scottsdale Scorpions batting - Pitching for Dunedin Blue Jays : RHP John Robinson
Batting: RHB Jared Thompson 0-0: Ball
1-0: SINGLE (Groundball, 6MD)
Batting: LHB Claudio Rodríguez 0-0: Ball
Jared Thompson steals 2nd base
1-0: Ball
Jared Thompson is caught stealing 3rd base
2-0: Called Strike
2-1: SINGLE (Line Drive, 8LS)
Pitching: RHP Cliff Wolfe
Batting: RHB Geomar Dalsoglio 0-0: Ball
1-0: Foul Ball, location: 2F
1-1: Ball
2-1: Ball
3-1: Base on Balls
Claudio Rodríguez to second
Batting: RHB Ricardo Gutiérrez 0-0: Ball
1-0: Called Strike
1-1: Fly out, F9 (Flyball, 9LSF)
Batting: RHB Edgardo Gonzáles 0-0: Ball
1-0: SINGLE (Line Drive, 9LS)
Claudio Rodríguez to third
Geomar Dalsoglio to second
Runner from 3rd tries for Home, throw and OUT!
Top of the 5th over - 0 run(s), 3 hit(s), 0 error(s), 2 left on base; Scottsdale 10 - Dunedin 1
BOTTOM OF THE 5TH
Dunedin Blue Jays batting - Pitching for Scottsdale Scorpions : RHP Albert Sánchez
Batting: RHB Cole Boehmer 0-0: Swinging Strike
0-1: Called Strike
0-2: Strikes out swinging
Batting: RHB David Castillo 0-0: Ground out 6-3 (Groundball, 6M)
Batting: RHB António Aguilar 0-0: Foul Ball, location: 2F
0-1: Ball
1-1: Called Strike
1-2: Ball
2-2: Fly out, F6 (Popup, 4M)
Bottom of the 5th over - 0 run(s), 0 hit(s), 0 error(s), 0 left on base; Scottsdale 10 - Dunedin 1
TOP OF THE 6TH
Scottsdale Scorpions batting - Pitching for Dunedin Blue Jays : RHP Cliff Wolfe
Batting: LHB Ernesto Hernández 0-0: Foul Ball, location: 2F
0-1: Called Strike
0-2: Ball
1-2: Ball
2-2: Ball
3-2: Ground out 1-3 (Groundball, 15)
Batting: RHB Cristián Román 0-0: SINGLE (Groundball, 5D)
Batting: SHB William Daly 0-0: Ball
1-0: Swinging Strike
1-1: Called Strike
1-2: Ball
2-2: Ball
3-2: Base on Balls
Cristián Román to second
Pitching: RHP George Floyd
Batting: RHB David Suarze 0-0: Fly out, F8 (Line Drive, 8RS)
Batting: RHB Jared Thompson 0-0: Ball
1-0: Fly out, F8 (Flyball, 8RS)
Top of the 6th over - 0 run(s), 1 hit(s), 0 error(s), 2 left on base; Scottsdale 10 - Dunedin 1
BOTTOM OF THE 6TH
Dunedin Blue Jays batting - Pitching for Scottsdale Scorpions : RHP Albert Sánchez
Batting: RHB Harry Miller 0-0: DOUBLE (Groundball, 3L)
Batting: RHB Ernesto Gonzáles 0-0: SINGLE (Groundball, 34D)
Harry Miller to third
Runner from 3rd tries for Home, SAFE, no throw or cutoff
Batting: RHB Keith Ivey 0-0: Called Strike
0-1: Ball
1-1: Foul Ball, location: 2F
1-2: Foul Ball, location: 2F
1-2: Strikes out looking
Batting: RHB Albert Alemán 0-0: Called Strike
0-1: Ball
1-1: Swinging Strike
1-2: Foul Ball, location: 2F
1-2: Foul Ball, location: 2F
1-2: Strikes out swinging
Batting: SHB Richard Griffin 0-0: Fielders Choice at 2nd, U4 (Groundball, 4M)
Bottom of the 6th over - 1 run(s), 2 hit(s), 0 error(s), 1 left on base; Scottsdale 10 - Dunedin 2
TOP OF THE 7TH
Scottsdale Scorpions batting - Pitching for Dunedin Blue Jays : RHP George Floyd
Batting: LHB Claudio Rodríguez 0-0: Foul Ball, location: 2F
0-1: Ball
1-1: Ground out U3 (Groundball, 3L)
Batting: RHB Geomar Dalsoglio 0-0: Foul Ball, location: 2F
0-1: Ball
1-1: Called Strike
1-2: Strikes out looking
Batting: RHB Ricardo Gutiérrez 0-0: Ball
1-0: Called Strike
1-1: Ball
2-1: Ball
3-1: Base on Balls
Batting: RHB Edgardo Gonzáles 0-0: Foul Ball, location: 2F
0-1: Ball
1-1: Foul Ball, location: 2F
Pickoff Throw to First - Error! E1
Ricardo Gutiérrez to second
1-2: Strikes out swinging
Top of the 7th over - 0 run(s), 0 hit(s), 1 error(s), 1 left on base; Scottsdale 10 - Dunedin 2
BOTTOM OF THE 7TH
Dunedin Blue Jays batting - Pitching for Scottsdale Scorpions : RHP Albert Sánchez
Batting: RHB Andrew O'Dell 0-0: Swinging Strike
0-1: Swinging Strike
0-2: Ball
1-2: Strikes out swinging
Batting: RHB Cole Boehmer 0-0: Ball
1-0: Fly out, F2 (Popup, 23F)
Batting: RHB David Castillo 0-0: Called Strike
0-1: Called Strike
0-2: Ball
1-2: Strikes out looking
Bottom of the 7th over - 0 run(s), 0 hit(s), 0 error(s), 0 left on base; Scottsdale 10 - Dunedin 2
TOP OF THE 8TH
Scottsdale Scorpions batting - Pitching for Dunedin Blue Jays : RHP George Floyd
Batting: LHB Ernesto Hernández 0-0: Called Strike
0-1: Ball
1-1: Foul Ball, location: 2F
1-2: Strikes out swinging
Pitching: RHP Cliff Long
Batting: RHB Cristián Román 0-0: Ball
1-0: Fly out, F7 (Line Drive, 7M)
Pinch Hitting: RHB Lúcio Ramírez 0-0: Hit by Pitch
Batting: RHB David Suarze 0-0: Ball
1-0: Swinging Strike
1-1: Foul Ball, location: 2F
1-2: Fly out, F9 (Flyball, 9S)
Top of the 8th over - 0 run(s), 0 hit(s), 0 error(s), 1 left on base; Scottsdale 10 - Dunedin 2
BOTTOM OF THE 8TH
Dunedin Blue Jays batting - Pitching for Scottsdale Scorpions : RHP Albert Sánchez
Pitching: RHP John Field
Now at 3B: Juan Gonzáles
Now in RF: José Garza
Batting: RHB António Aguilar 0-0: Ball
1-0: Ball
2-0: Called Strike
2-1: Ball
3-1: Base on Balls
Batting: RHB Harry Miller 0-0: Ball
1-0: Called Strike
1-1: Ball
2-1: Foul Ball, location: 2F
2-2: Strikes out looking
Batting: RHB Ernesto Gonzáles 0-0: Ball
1-0: Ball
2-0: Swinging Strike
2-1: Swinging Strike
2-2: Ball
3-2: Base on Balls
António Aguilar to second
Batting: RHB Keith Ivey 0-0: Ground out 5-3 (Groundball, 5S)
António Aguilar to third
Ernesto Gonzáles to second
Batting: RHB Albert Alemán 0-0: Ball
1-0: Ball
2-0: Ball
3-0: Called Strike
3-1: Base on Balls
Batting: SHB Richard Griffin 0-0: Ball
1-0: Fly out, F8 (Flyball, 78S)
Bottom of the 8th over - 0 run(s), 0 hit(s), 0 error(s), 3 left on base; Scottsdale 10 - Dunedin 2
TOP OF THE 9TH
Scottsdale Scorpions batting - Pitching for Dunedin Blue Jays : RHP Cliff Long
Batting: RHB Jared Thompson 0-0: Ground out 4-3 (Groundball, 4)
Batting: LHB Claudio Rodríguez 0-0: Ball
1-0: Ball
2-0: Ball
3-0: Called Strike
3-1: Base on Balls
Batting: RHB Geomar Dalsoglio 0-0: Called Strike
0-1: Ball
1-1: Ball
2-1: Swinging Strike
2-2: Fly out, F7 (Flyball, 7M)
Batting: RHB Ricardo Gutiérrez 0-0: Called Strike
0-1: Ball
1-1: Ball
2-1: Ball
3-1: Foul Ball, location: 2F
3-2: Strikes out looking
Top of the 9th over - 0 run(s), 0 hit(s), 0 error(s), 1 left on base; Scottsdale 10 - Dunedin 2
BOTTOM OF THE 9TH
Dunedin Blue Jays batting - Pitching for Scottsdale Scorpions : RHP John Field
Batting: RHB Andrew O'Dell 0-0: Foul Ball, location: 2F
0-1: Ball
1-1: Swinging Strike
1-2: Ball
2-2: Ball
3-2: Strikes out looking
Batting: RHB Cole Boehmer 0-0: Ball
1-0: Ball
2-0: Foul Ball, location: 2F
2-1: Ball
3-1: DOUBLE (Flyball, 9LM)
Batting: RHB David Castillo 0-0: Called Strike
0-1: Called Strike
0-2: Strikes out swinging
Batting: RHB António Aguilar 0-0: Ball
1-0: Ball
2-0: Ball
3-0: Base on Balls
Batting: RHB Harry Miller 0-0: Ball
1-0: Swinging Strike
1-1: Ball
2-1: Ball
3-1: Called Strike
3-2: Base on Balls
Cole Boehmer to third
António Aguilar to second
Batting: RHB Ernesto Gonzáles 0-0: Foul Ball, location: 2F
0-1: Ball
1-1: Ball
2-1: Ball
3-1: Base on Balls
Cole Boehmer scores
António Aguilar to third
Harry Miller to second
Batting: RHB Keith Ivey 0-0: Foul Ball, location: 2F
0-1: Ball
1-1: Swinging Strike
1-2: Strikes out looking
Bottom of the 9th over - 1 run(s), 1 hit(s), 0 error(s), 3 left on base; Scottsdale 10 - Dunedin 3
This league is powered by Out of the Park Baseball, the baseball management simulation game for PC, Mac and Linux
Tuesday, August 2nd, 2016 - OOTP Baseball 16.8 Build 38